General information
- name: BNet
- type: Ladder team game (AT/RT)
- host: Battle.net
- saver: zA.AbazaisaFaig
map: Battleground
- players: 8
- length: 23:01
- speed: Fast
- version: 1.26 W3XP
- replay type: Public
» download(211 KB)
Players
team 1 (loser)

»
GEORGETAKEi (
yellow | 114 APM | 2617 actions | 22:59)
5 Death Knight
3 Death Coil
2 Unholy Aura
3 Lich
2 Frost Nova
1 Frost Armor
3 Dreadlord
2 Sleep
1 Vampiric Aura
» actions
| Assign group hotkey | 21 | |
| Basic commands | 2 | |
| Build / train | 72 | |
| Enter build submenu | 10 | |
| Enter hero's abilities submenu | 11 | |
| Give item / drop item | 3 | |
| Right click | 1744 | |
| Select / deselect | 463 | |
| Select group hotkey | 147 | |
| Use ability | 144 | |
2617 total
» units
| Acolyte | 4 | |
| Ghoul | 3 | |
| Crypt Fiend | 12 | |
| Obsidian Statue | 3 | |
22 total
» upgrades
| Burrow | 1 | |
| Web | 1 | |
| Creature Attack | 2 | |
| Destroyer Form | 1 | |
| Creature Carapace | 2 | |
7 total
» buildings
| Graveyard | 1 | |
| Crypt | 1 | |
| Altar of Darkness | 1 | |
| Ziggurat | 5 | |
| Tomb of Relics | 1 | |
| Halls of the Dead | 4 | |
| Black Citadel | 1 | |
| Slaughterhouse | 1 | |
15 total
» build order
00:11 Graveyard
00:14 Crypt
00:43 Altar of Darkness
00:58 Ziggurat
01:34 Tomb of Relics
02:01 Ziggurat
03:45 Ziggurat
04:15 Halls of the Dead
04:16 Halls of the Dead
06:12 Ziggurat
06:40 Black Citadel
09:40 Slaughterhouse
12:02 Ziggurat
» items
| Rod of Necromancy | 5 | |
| Potion of Mana | 3 | |
| Sacrificial Skull | 1 | |
| Orb of Corruption | 1 | |
| Scroll of Town Portal | 4 | |
| Potion of Lesser Invulnerability | 1 | |
| Scroll of Protection | 1 | |
16 total

»
niGhT_BlOoDy (
red | 152 APM | 3403 actions | 22:25)
6 Archmage
2 Summon Water Elemental
3 Brilliance Aura
1 Blizzard
3 Blood Mage
2 Flame Strike
1 Siphon Mana
» actions
| Assign group hotkey | 40 | |
| Basic commands | 267 | |
| Build / train | 54 | |
| ESC pressed | 2 | |
| Enter build submenu | 18 | |
| Enter hero's abilities submenu | 8 | |
| Give item / drop item | 2 | |
| Remove unit from queue | 2 | |
| Right click | 1312 | |
| Select / deselect | 408 | |
| Select group hotkey | 1212 | |
| Use ability | 78 | |
3403 total
» units
| Peasant | 10 | |
| Sorceress | 2 | |
| Priest | 2 | |
| Spell Breaker | 3 | |
| Dragonhawk Rider | 1 | |
18 total
» upgrades
| Lumber Harvesting | 1 | |
| Sorceress Training | 1 | |
| Priest Training | 2 | |
4 total
» buildings
| Altar of Kings | 1 | |
| Farm | 8 | |
| Lumber Mill | 1 | |
| Keep | 5 | |
| Scout Tower | 2 | |
| Arcane Tower | 1 | |
| Arcane Vault | 1 | |
| Guard Tower | 1 | |
| Arcane Sanctum | 2 | |
| Castle | 1 | |
| Gryphon Aviary | 1 | |
24 total
» build order
00:06 Altar of Kings
00:11 Farm
00:58 Farm
01:25 Lumber Mill
01:57 Keep
01:57 Keep
01:57 Keep
01:57 Keep
02:03 Scout Tower
03:07 Arcane Tower
03:09 Scout Tower
03:27 Arcane Vault
03:38 Guard Tower
04:28 Arcane Sanctum
04:32 Arcane Sanctum
04:44 Farm
05:28 Farm
07:37 Farm
07:58 Farm
11:27 Castle
12:14 Farm
12:25 Gryphon Aviary
12:27 Farm
» items
| Lesser Clarity Potion | 1 | |
| Tome of Retraining | 1 | |
| Scroll of Town Portal | 1 | |
| Potion of Invisibility | 1 | |
| Dust of Appearance | 1 | |
| Healing Salve | 1 | |
6 total
RapeYourAss (
teal | 52 APM | 992 actions | 18:54)
4 Demon Hunter
2 Mana Burn
2 Immolation
2 Keeper of the Grove
1 Entangling Roots
1 Thorns Aura
» actions
| Basic commands | 2 | |
| Build / train | 52 | |
| ESC pressed | 1 | |
| Enter build submenu | 18 | |
| Enter hero's abilities submenu | 6 | |
| Remove unit from queue | 1 | |
| Right click | 595 | |
| Select / deselect | 266 | |
| Use ability | 51 | |
992 total
» units
| Wisp | 13 | |
| Huntress | 9 | |
| Druid of the Talon | 9 | |
| Faerie Dragon | 4 | |
35 total
» upgrades
| Strength of the Wild | 2 | |
| Reinforced Hides | 1 | |
| Druid of the Talon Training | 1 | |
4 total
» buildings
| Altar of Elders | 1 | |
| Moon Well | 6 | |
| Hunter's Hall | 1 | |
| Ancient of War | 2 | |
| Tree of Ages | 1 | |
| Ancient of Wind | 2 | |
| Ancient of Wonders | 1 | |
14 total
» build order
00:10 Altar of Elders
00:18 Moon Well
01:42 Hunter's Hall
01:52 Ancient of War
02:11 Ancient of War
02:20 Moon Well
02:39 Moon Well
05:58 Tree of Ages
07:01 Moon Well
09:20 Ancient of Wind
09:33 Ancient of Wind
09:53 Ancient of Wonders
10:06 Moon Well
10:16 Moon Well
» items
| Potion of Healing | 1 | |
| Scroll of Town Portal | 2 | |
3 total
Lo-lo (
pink | 52 APM | 1159 actions | 22:27)
3 Blademaster
2 Wind Walk
1 Critical Strike
2 Shadow Hunter
1 Healing Wave
1 Hex
» actions
| Assign group hotkey | 28 | |
| Basic commands | 13 | |
| Build / train | 66 | |
| Enter build submenu | 18 | |
| Enter hero's abilities submenu | 5 | |
| Remove unit from queue | 2 | |
| Right click | 557 | |
| Select / deselect | 291 | |
| Select group hotkey | 121 | |
| Use ability | 58 | |
1159 total
» units
| Peon | 14 | |
| Grunt | 8 | |
| Troll Witch Doctor | 5 | |
| Tauren | 7 | |
| Troll Batrider | 12 | |
46 total
» upgrades
| Melee Weapons | 2 | |
| Armor | 1 | |
| Spiked Barricades | 1 | |
| Witch Doctor Training | 2 | |
| Pulverize | 1 | |
7 total
» buildings
| Altar of Storms | 1 | |
| Orc Burrow | 6 | |
| Barracks | 1 | |
| War Mill | 1 | |
| Voodoo Lounge | 1 | |
| Watch Tower | 3 | |
| Stronghold | 1 | |
| Fortress | 1 | |
| Spirit Lodge | 2 | |
| Beastiary | 1 | |
| Tauren Totem | 2 | |
20 total
» build order
00:08 Altar of Storms
00:13 Orc Burrow
00:44 Barracks
01:31 War Mill
01:44 Orc Burrow
02:28 Orc Burrow
02:35 Voodoo Lounge
03:16 Watch Tower
05:05 Stronghold
06:28 Watch Tower
06:31 Watch Tower
06:38 Orc Burrow
07:38 Fortress
09:41 Spirit Lodge
09:45 Spirit Lodge
09:51 Beastiary
10:09 Tauren Totem
10:15 Tauren Totem
14:07 Orc Burrow
14:11 Orc Burrow
» items
| Healing Salve | 1 | |
| Lesser Clarity Potion | 1 | |
2 total
team 2 (winner)
I_LOVE_YOU (
orange | 84 APM | 1923 actions | 23:00)
5 Death Knight
3 Death Coil
2 Unholy Aura
5 Lich
3 Frost Nova
2 Frost Armor
4 Crypt Lord
2 Impale
2 Spiked Carapace
» actions
| Assign group hotkey | 79 | |
| Build / train | 74 | |
| Enter build submenu | 18 | |
| Enter hero's abilities submenu | 14 | |
| Right click | 1366 | |
| Select / deselect | 223 | |
| Select group hotkey | 44 | |
| Use ability | 105 | |
1923 total
» units
| Acolyte | 8 | |
| Ghoul | 1 | |
| Crypt Fiend | 8 | |
| Frost Wyrm | 5 | |
22 total
» upgrades
| Creature Attack | 3 | |
| Creature Carapace | 3 | |
| Web | 1 | |
| Freezing Breath | 1 | |
| Burrow | 1 | |
9 total
» buildings
| Crypt | 1 | |
| Graveyard | 1 | |
| Altar of Darkness | 1 | |
| Ziggurat | 9 | |
| Tomb of Relics | 1 | |
| Halls of the Dead | 1 | |
| Black Citadel | 2 | |
| Sacrificial Pit | 1 | |
| Spirit Tower | 1 | |
| Boneyard | 3 | |
21 total
» build order
00:13 Crypt
00:21 Graveyard
00:38 Altar of Darkness
00:54 Ziggurat
01:40 Tomb of Relics
01:49 Halls of the Dead
02:35 Ziggurat
03:41 Ziggurat
03:44 Ziggurat
04:10 Black Citadel
05:42 Sacrificial Pit
06:13 Spirit Tower
07:08 Boneyard
07:09 Boneyard
07:10 Boneyard
07:12 Ziggurat
07:14 Ziggurat
08:15 Ziggurat
10:16 Ziggurat
11:15 Ziggurat
» items
| Rod of Necromancy | 2 | |
| Orb of Corruption | 1 | |
| Dust of Appearance | 1 | |
| Scroll of Town Portal | 2 | |
| Scroll of Protection | 1 | |
| Scroll of Healing | 1 | |
8 total
Fangs (
purple | 54 APM | 1240 actions | 23:00)
5 Demon Hunter
3 Mana Burn
2 Evasion
» actions
| Basic commands | 8 | |
| Build / train | 60 | |
| Enter build submenu | 16 | |
| Enter hero's abilities submenu | 6 | |
| Give item / drop item | 1 | |
| Remove unit from queue | 3 | |
| Right click | 757 | |
| Select / deselect | 336 | |
| Use ability | 53 | |
1240 total
» units
» upgrades
| Ultravision | 1 | |
| Abolish Magic | 1 | |
| Strength of the Moon | 0 | |
| Strength of the Wild | 2 | |
| Reinforced Hides | 1 | |
5 total
» buildings
| Altar of Elders | 1 | |
| Moon Well | 6 | |
| Hunter's Hall | 1 | |
| Ancient of War | 3 | |
| Tree of Ages | 1 | |
| Ancient Protector | 2 | |
| Tree of Eternity | 1 | |
| Ancient of Lore | 4 | |
19 total
» build order
00:07 Altar of Elders
00:21 Moon Well
01:23 Hunter's Hall
01:42 Ancient of War
01:48 Ancient of War
02:06 Ancient of War
02:27 Moon Well
02:30 Moon Well
04:53 Tree of Ages
05:15 Moon Well
06:56 Ancient Protector
06:58 Ancient Protector
07:20 Tree of Eternity
07:23 Ancient of Lore
07:26 Ancient of Lore
13:27 Moon Well
13:30 Moon Well
17:36 Ancient of Lore
17:37 Ancient of Lore
» items
| Scroll of Town Portal | 2 | |
| Potion of Lesser Invulnerability | 2 | |
| Scroll of Healing | 2 | |
| Scroll of Protection | 1 | |
7 total
zA.AbazaisaFaig (
green | 92 APM | 2109 actions | 23:01)
4 Priestess of the Moon
2 Trueshot Aura
2 Searing Arrows
3 Dark Ranger
1 Silence
2 Black Arrow
» actions
| Assign group hotkey | 20 | |
| Basic commands | 509 | |
| Build / train | 61 | |
| ESC pressed | 2 | |
| Enter build submenu | 17 | |
| Enter hero's abilities submenu | 8 | |
| Give item / drop item | 3 | |
| Right click | 685 | |
| Select / deselect | 359 | |
| Select group hotkey | 370 | |
| Use ability | 74 | |
2109 total
» units
» upgrades
| Strength of the Wild | 2 | |
| Reinforced Hides | 1 | |
| Abolish Magic | 1 | |
| Improved Bows | 1 | |
5 total
» buildings
| Moon Well | 5 | |
| Ancient of War | 2 | |
| Altar of Elders | 2 | |
| Tree of Ages | 2 | |
| Hunter's Hall | 1 | |
| Ancient of Lore | 2 | |
14 total
» build order
00:10 Moon Well
00:57 Ancient of War
01:18 Altar of Elders
01:40 Altar of Elders
02:27 Ancient of War
02:40 Moon Well
04:59 Moon Well
10:38 Tree of Ages
10:38 Tree of Ages
13:16 Hunter's Hall
14:23 Ancient of Lore
14:26 Ancient of Lore
15:01 Moon Well
21:18 Moon Well
» items
| Scroll of Protection | 3 | |
| Scroll of Healing | 4 | |
| Scroll of Town Portal | 2 | |
| Staff of Teleportation | 1 | |
10 total

»
5ux0r2dm4x0)2 (
blue | 42 APM | 962 actions | 23:00)
3 Keeper of the Grove
2 Entangling Roots
1 Thorns Aura
» actions
| Assign group hotkey | 114 | |
| Build / train | 40 | |
| ESC pressed | 5 | |
| Enter build submenu | 16 | |
| Enter hero's abilities submenu | 3 | |
| Right click | 504 | |
| Select / deselect | 164 | |
| Select group hotkey | 59 | |
| Use ability | 57 | |
962 total
» units
» buildings
| Altar of Elders | 2 | |
| Moon Well | 5 | |
| Ancient of War | 1 | |
| Tree of Ages | 1 | |
| Hunter's Hall | 1 | |
| Ancient Protector | 2 | |
| Ancient of Lore | 3 | |
15 total
» build order
00:04 Altar of Elders
00:20 Moon Well
00:35 Ancient of War
01:31 Moon Well
03:20 Moon Well
03:45 Tree of Ages
03:59 Hunter's Hall
05:00 Moon Well
06:08 Ancient Protector
07:40 Ancient of Lore
07:46 Ancient of Lore
07:56 Moon Well
08:02 Ancient Protector
09:08 Altar of Elders
10:23 Ancient of Lore
Chat log
(00:05 / All) GEORGETAKEi: glhf
(00:25 / All) I_LOVE_YOU: u too canadian homo
(00:30 / All) zA.AbazaisaFaig: gl, got a guy that is 52-10, knife noobelf status lol
(00:37 / All) GEORGETAKEi: ^^
(00:41 / Allies) zA.AbazaisaFaig: you want a feed ornage?
(00:46 / All) I_LOVE_YOU: its me idiot
(00:48 / All) I_LOVE_YOU: mom
(00:49 / Allies) 5ux0r2dm4x0)2: stats za.abazaisafaig
(00:54 / All) GEORGETAKEi: who?
(01:04 / Allies) I_LOVE_YOU: w/e u can feed if u want
(01:07 / All) I_LOVE_YOU: its urmomisfat
(01:17 / All) GEORGETAKEi: l0l
(01:33 / Allies) I_LOVE_YOU: cancel aow
(01:34 / Allies) I_LOVE_YOU: and feed
(02:01 / Allies) I_LOVE_YOU: blue purp units?
(02:02 / Allies) I_LOVE_YOU: nooo
(02:05 / Allies) I_LOVE_YOU: blue dont feed me
(02:11 / Allies) I_LOVE_YOU: fuck nman
(02:15 / Allies) I_LOVE_YOU: make units ur on outside
(02:20 / Allies) Fangs: hunts to bears
(02:44 / Allies) I_LOVE_YOU: why ur altar take so long
(02:46 / Allies) I_LOVE_YOU: u canceled it?
(02:49 / Allies) zA.AbazaisaFaig: by mistake
(03:39 / Allies) zA.AbazaisaFaig: should go dual crypt
(03:50 / Allies) I_LOVE_YOU: nah rather 3 boneyard
(04:22 / All) I_LOVE_YOU: and the hacker strikes
(04:32 / All) GEORGETAKEi: its right by my base,,.
(04:37 / All) RapeYourAss: fool
(04:38 / All) I_LOVE_YOU: right kid
(04:43 / All) GEORGETAKEi: uhuh..
(05:18 / Allies) zA.AbazaisaFaig: should go there
(06:18 / Allies) zA.AbazaisaFaig: may want to tp purple
(06:19 / Allies) zA.AbazaisaFaig: and then coutner
(06:23 / Allies) zA.AbazaisaFaig: rdy?
(06:25 / Allies) I_LOVE_YOU: purp tp
(06:30 / Allies) zA.AbazaisaFaig: purle counter
(06:31 / Allies) zA.AbazaisaFaig: tp now
(06:56 / Allies) I_LOVE_YOU: red teched?
(06:58 / Allies) I_LOVE_YOU: no scout
(07:09 / Allies) zA.AbazaisaFaig: go pur up your yards
(07:22 / Allies) I_LOVE_YOU: dude
(07:24 / Allies) I_LOVE_YOU: we hav enoispe
(07:26 / Allies) zA.AbazaisaFaig: fine out
(07:27 / Allies) I_LOVE_YOU: nee ddispel
(07:36 / Allies) zA.AbazaisaFaig: get dryads
(07:39 / All) GEORGETAKEi: lewl
(07:43 / Allies) zA.AbazaisaFaig: god blue fuckign sucks
(07:46 / Allies) I_LOVE_YOU: these kids are bad
(07:56 / Allies) zA.AbazaisaFaig: should've had him feed and let me play
(08:04 / Allies) I_LOVE_YOU: feed
(08:22 / Allies) zA.AbazaisaFaig: god why do you suck so fucking much blue
(09:14 / All) GEORGETAKEi: so whos feedin ya
(09:21 / Allies) zA.AbazaisaFaig: don't say anything
(09:26 / Allies) zA.AbazaisaFaig: ig nore him for the rest of the game
(09:28 / Allies) I_LOVE_YOU: make dispel
(09:29 / Allies) I_LOVE_YOU: fuck
(09:33 / Allies) zA.AbazaisaFaig: amss dryds
(09:36 / Allies) Fangs: green
(09:41 / Allies) Fangs: whats ur problem with ur base?
(09:47 / Allies) zA.AbazaisaFaig: i've been feeding orange all game
(09:48 / Allies) zA.AbazaisaFaig: wow
(09:51 / Allies) Fangs: oh
(09:51 / Allies) zA.AbazaisaFaig: fucking kids are lost
(09:53 / Allies) I_LOVE_YOU: creep mid
(10:15 / Allies) zA.AbazaisaFaig: need to fight here
(10:50 / All) I_LOVE_YOU: ahcker inbound
(11:02 / Allies) I_LOVE_YOU: see
(11:02 / Allies) zA.AbazaisaFaig: out
(11:04 / Allies) I_LOVE_YOU: told u he hacks
(11:27 / Allies) I_LOVE_YOU: still think he doesnt hack huh?
(11:29 / Allies) zA.AbazaisaFaig: get a tp purple
(11:38 / Allies) zA.AbazaisaFaig: let blue go or save?
(11:43 / Allies) zA.AbazaisaFaig: meet
(11:44 / Allies) zA.AbazaisaFaig: we ambush
(12:02 / Allies) zA.AbazaisaFaig: purle come now
(12:26 / Allies) zA.AbazaisaFaig: go
(12:42 / All) zA.AbazaisaFaig: MNOP TP
(12:45 / All) zA.AbazaisaFaig: ROFL
(13:29 / Allies) zA.AbazaisaFaig: brb
(14:17 / Allies) I_LOVE_YOU: more dryads
(14:21 / Allies) I_LOVE_YOU: pump them out
(14:33 / Allies) zA.AbazaisaFaig: here next
(14:48 / Allies) I_LOVE_YOU: fucking newb
(15:04 / Allies) I_LOVE_YOU: fuck
(15:05 / Allies) I_LOVE_YOU: go
(15:35 / Allies) I_LOVE_YOU: get ready to tp
(15:38 / Allies) I_LOVE_YOU: on top
(15:39 / Allies) I_LOVE_YOU: of them
(15:40 / Allies) zA.AbazaisaFaig: k go now
(15:50 / Allies) zA.AbazaisaFaig: get all acos?
(15:50 / Allies) I_LOVE_YOU: tp on top
(15:52 / Allies) I_LOVE_YOU: wait
(15:54 / Allies) I_LOVE_YOU: when i sy
(15:56 / Allies) zA.AbazaisaFaig: K OGF
(15:58 / Allies) zA.AbazaisaFaig: ok nm
(15:59 / Allies) zA.AbazaisaFaig: we wait
(16:06 / Allies) I_LOVE_YOU: go
(16:07 / Allies) zA.AbazaisaFaig: noiw?
(16:07 / Allies) I_LOVE_YOU: tp
(16:12 / Allies) I_LOVE_YOU: by rax
(16:13 / Allies) I_LOVE_YOU: go
(16:13 / Allies) zA.AbazaisaFaig: k top go
(16:33 / Allies) zA.AbazaisaFaig: UPROOT THE RAX
(16:34 / Allies) zA.AbazaisaFaig: FAG
(16:51 / Allies) zA.AbazaisaFaig: UP ROOT
(16:53 / Allies) zA.AbazaisaFaig: THE RAX FAGGOT
(17:01 / Allies) zA.AbazaisaFaig: GOOD GOD
(17:20 / Allies) I_LOVE_YOU: feed
(17:22 / Allies) I_LOVE_YOU: foir mine wes
(17:28 / Allies) I_LOVE_YOU: feed
(17:43 / Allies) I_LOVE_YOU: DRYADS UP PURP
(18:00 / Allies) I_LOVE_YOU: SHARE CONTROL PRUP
(18:02 / Allies) I_LOVE_YOU: WITH ME AND GREEN
(18:39 / Allies) I_LOVE_YOU: GO
(18:52 / Allies) I_LOVE_YOU: ALTAR
(19:05 / Allies) I_LOVE_YOU: I SEE
(19:23 / Allies) 5ux0r2dm4x0)2: thanks for the carry
(19:36 / Allies) I_LOVE_YOU: STFU
(19:40 / Allies) zA.AbazaisaFaig: scroll up and get tps
(19:46 / Allies) I_LOVE_YOU: K
(19:55 / Allies) I_LOVE_YOU: WAITING ON GOLD
(19:59 / Allies) I_LOVE_YOU: IM HURTING
(20:35 / Allies) I_LOVE_YOU: LETS GO
(20:38 / Allies) zA.AbazaisaFaig: check red first
(20:40 / Allies) I_LOVE_YOU: HE GONNA MASS BATS
(20:40 / Allies) zA.AbazaisaFaig: get a few more frost
(20:52 / Allies) zA.AbazaisaFaig: you only have one frost and your armor is at level 3...
(20:53 / Allies) zA.AbazaisaFaig: you're fine
(20:59 / Allies) I_LOVE_YOU: I KNOW
(21:14 / Allies) I_LOVE_YOU: GONNA EXPO
(21:22 / Allies) I_LOVE_YOU: WAIT
(21:23 / Allies) I_LOVE_YOU: DONT TP YET
(21:25 / Allies) zA.AbazaisaFaig: you got a tp?
(21:29 / Allies) I_LOVE_YOU: YES
(21:34 / Allies) I_LOVE_YOU: LET ME KNOW WHEN
(21:42 / Allies) zA.AbazaisaFaig: just go end this
(21:43 / Allies) zA.AbazaisaFaig: lets go now
(21:46 / Allies) I_LOVE_YOU: JK
(21:46 / Allies) I_LOVE_YOU: GO
(21:48 / Allies) zA.AbazaisaFaig: right in front
(21:52 / Allies) I_LOVE_YOU: TP
(21:54 / Allies) I_LOVE_YOU: PURP
(22:52 / Allies) zA.AbazaisaFaig: he's so upset
(22:52 / Allies) zA.AbazaisaFaig: lol
(22:55 / Allies) I_LOVE_YOU: YUP